 Dungeon Crawl Stone Soup version 0.23.0-3-gf3c87f2 (webtiles) character file.

Game seed: 2984364984252847543

14 Borgoz the Sneak (level 2, 0/20 HPs)
             Began as a Ghoul Enchanter on Feb 24, 2019.
             Slain by Jessica
             ... wielding a +0 dagger
              (4 damage)
             ... on level 2 of the Dungeon.
             The game lasted 00:02:06 (561 turns).

Borgoz the Sneak (Ghoul Enchanter)                   Turns: 561, Time: 00:02:08

Health: 0/20       AC:  2    Str: 11    XL:     2   Next: 41%
Magic:  3/3        EV: 12    Int: 10    God:
Gold:   51         SH:  0    Dex:  9    Spells: 3/4 levels left

rFire    . . .     SeeInvis .   a - +2 dagger
rCold    + . .     Gourm    .   (no shield)
rNeg     + + +     Faith    .   b - +0 robe
rPois    ∞         Spirit   .   (no helmet)
rElec    .         Reflect  .   (no cloak)
rCorr    .         Harm     .   (no gloves)
MR       .....                  (no boots)
Stlth    ++........             (no amulet)
HPRegen  0.00/turn              (no ring)
MPRegen  0.08/turn              (no ring)

@: rotting
A: rotting body, claws 1, carnivore, cold resistance 1, negative energy
resistance 3, inhibited regeneration, torment resistance, unbreathing
a: no special abilities


You were on level 2 of the Dungeon.
You were not hungry.

You visited 1 branch of the dungeon, and saw 2 of its levels.

You collected 51 gold pieces.

Inventory:

Hand Weapons
 a - a +2 dagger (weapon)
Armour
 b - a +0 robe (worn)
 f - a +0 leather armour
Comestibles
 c - a chunk of flesh
 d - 2 rations


   Skills:
 * Level 1.3 Short Blades
 + Level 2.0 Dodging
 + Level 3.4 Stealth
 - Level 1.7 Spellcasting
 * Level 2.7 Hexes


You had 3 spell levels left.
You knew the following spells:

 Your Spells              Type           Power        Failure   Level  Hunger
a - Corona                Hex            #......      11%         1    ##.....

Your spell library contained the following spells:

 Spells                   Type           Power        Failure   Level  Hunger
 Ensorcelled Hibernation  Hex/Ice        #.....       28%         2    ###....
 Confuse                  Hex            #.......     32%         3    ####...
 Tukima's Dance           Hex            #.......     32%         3    ####...
 Dazzling Spray           Conj/Hex       #.....       50%         3    ####...


Dungeon Overview and Level Annotations

Branches:
Dungeon (1/15)

Altars:

Annotations:
D:2 Jessica


Innate Abilities, Weirdness & Mutations

Your body is rotting away.
You thrive on raw meat.
You are immune to poison.
You have sharp fingernails.
You are carnivorous and can eat meat at any time.
Your flesh is cold resistant. (rC+)
You are immune to negative energy. (rN+++)
You do not regenerate when monsters are visible.
You are immune to unholy pain and torment.
You can survive without breathing.


Message History

It is a scroll of enchant weapon.
Your +1 dagger glows red for a moment.
The bat misses you. Jessica misses you.
There are no items here.
You aren't carrying any potions.
As you read the scroll labeled TIKHLO DEDDEM, it crumbles to dust.
It is a scroll of identify.
f - a +0 leather armour The bat closely misses you.
Jessica closely misses you. The bat closely misses you. x2
The bat misses you. The bat barely misses you.
Jessica gestures wildly while chanting.
Jessica blinks!
The bat barely misses you.
Jessica says, "I'm really upset."
You hit Jessica.
Jessica is heavily wounded.
The bat hits you but does no damage. Jessica hits you with a +0 dagger.
You die...

#.......†.#.####.#.## #
#.........#........#
##.#.........#.####..(..
......#..#####.# ######
##.......# #...#
.......b.# #.###
.......#.# #.#
###...##.# #.# ##...@@#
#.# #####.# #.# ..# #.#
#.# #.# #.# #.# #.# .#


You could see Jessica.

Vanquished Creatures
  A dart slug (D:1)
  A leopard gecko (D:1)
  5 goblins (D:1)
  A quokka (D:2)
  A bat (D:2)
  A frilled lizard (D:1)
10 creatures vanquished.

Notes
Turn   | Place    | Note
-------+----------+-------------------------------------------
     0 | D:1      | Borgoz the Ghoul Enchanter began the quest for the Orb.
     0 | D:1      | Reached XP level 1. HP: 14/14 MP: 2/2
    22 | D:1      | Reached skill level 1 in Short Blades
   405 | D:1      | Reached XP level 2. HP: 19/19 MP: 3/3
   511 | D:1      | You fall through a shaft!
   545 | D:2      | Noticed Jessica
   561 | D:2      | Slain by Jessica

Skill      XL: |  1  2 |
---------------+-------+-----
Short Blades   | 1 |  1.3
Dodging        | 2 |  2.0
Stealth        | |  3.4
Spellcasting   | |  1.7
Hexes          | |  2.7

Action                   || total
-------------------------++-------
Melee: Dagger            ||    33
  Use: Scroll            ||     2
 Stab: Sleeping          ||     3
  Eat: Chunk             ||     3
Armor: Robe              ||     3
Dodge: Dodged            ||    25
